 Dungeon Crawl Stone Soup version 0.31-a0-60-g62046a28e0 (webtiles) character file.

Game seed: 13243444292349229250

300 Lavandula the Magician (level 6, -6/41 HPs)
             Began as a Mummy Conjurer on May 22, 2023.
             Killed from afar by a steam dragon (27 damage)
             ... with a ball of steam
             ... on level 4 of the Dungeon.
             The game lasted 00:06:52 (4240 turns).

Lavandula the Magician (Mummy Conjurer)             Turns: 4240, Time: 00:06:53

Health: -6/41      AC:  2    Str: 10    XL:     6   Next: 13%
Magic:  9/12       EV: 12    Int: 19    God:
Gold:   179        SH:  0    Dex: 17    Spells: 5/14 levels left

rFire   x . .        m - +1 dagger (speed)
rCold   + . .        (no shield)
rNeg    + + +        a - +0 robe
rPois   ∞            (no helmet)
rElec   .            (no cloak)
rCorr   .            (no gloves)
SInv    .            (no boots)
Will    .....        (no amulet)
Stlth   ++           e - +6 ring of dexterity
HPRegen 0.26/turn    (no ring)
MPRegen 0.13/turn

%: faith
@: no status effects
A: cold resistance 1, negative energy resistance 3, torment resistance 2, heat
vulnerability 1, in touch with death 1, no potions, faith
a: no special abilities


You were on level 4 of the Dungeon.
You visited 1 branch of the dungeon, and saw 4 of its levels.

You collected 179 gold pieces.

Inventory:

Hand Weapons
 k - a +2 great sword of holy wrath
 m - a +1 dagger of speed (weapon)
Missiles
 f - 3 atropa-tipped darts
Armour
 a - a +0 robe (worn)
Jewellery
 e - a +6 ring of dexterity (left hand)
Wands
 j - a wand of flame (9)
 l - a wand of mindburst (11)
Scrolls
 c - a scroll of teleportation {unknown}
 d - 2 scrolls of enchant weapon {unknown}
 g - a scroll of identify {unknown}
 h - a scroll of enchant armour {unknown}
 i - a scroll of amnesia {unknown}


   Skills:
 - Level 1.5 Dodging
 - Level 1.5 Stealth
 - Level 4.6 Spellcasting
 + Level 4.1 Conjurations
 - Level 4.2 Necromancy


You had 5 spell levels left.
You knew the following spells:

 Your Spells              Type           Power      Damage    Failure   Level
a - Magic Dart            Conj           80%        1d7       2%          1
b - Searing Ray           Conj           40%        2d5       3%          2
c - Dazzling Flash        Conj/Hex       20%        N/A       22%         3
d - Vampiric Draining     Necr           30%        2d8       7%          3

Your spell library contained the following spells:

 Spells                   Type           Power      Damage    Failure   Level
 Slow                     Hex            16%        N/A       13%         1
 Hailstorm                Conj/Ice       10%        3d5       22%         3
 Confusing Touch          Hex            4%         N/A       36%         3
 Fulminant Prism          Conj/Hex       5%         3d7       56%         4
 Iskenderun's Mystic Bla  Conj/Tloc      10%        2d4       56%         4
 Simulacrum               Ice/Necr       7%         N/A       100%        6
 Ice Form                 Ice/Tmut       Unusable   N/A       N/A         4

Dungeon Overview and Level Annotations

Branches:
Dungeon (4/15)
 Temple: D:4-7

Altars:
Sif Muna
Vehumet
Yredelemnul

Annotations:
D:4 Ijyb


Innate Abilities, Weirdness & Mutations

You are immune to poison.
Your flesh is cold resistant. (rC+)
You are immune to negative energy. (rN+++)
You are immune to unholy pain and torment.
You are vulnerable to heat. (rF-)
You are in touch with the powers of death.
You do not drink.
You have a special connection with the divine. (Faith)


Message History

The magic dart hits the dart slug but does no damage.
The dart slug is almost dead.
The dart slug launches a dart at you. The slug dart hits you.
The magic dart hits the dart slug.
You kill the dart slug!
The magic dart hits the dart slug but does no damage.
The dart slug launches a dart at you. The slug dart misses you.
The magic dart hits the dart slug.
The dart slug is moderately wounded.
The magic dart hits the dart slug.
The dart slug is heavily wounded.
The magic dart hits the dart slug.
The dart slug is almost dead.
The magic dart hits the dart slug.
You kill the dart slug!
Ijyb and a steam dragon come into view.
Ijyb is wielding a +0 club and carrying a wand of light (8).
Ijyb shouts!
The steam dragon hisses angrily.
There are monsters nearby!
There are monsters nearby!
The magic dart hits Ijyb but does no damage.
Casting: Magic Dart (safe; 2% risk of failure)
Confirm with . or Enter, or press ? or * to list all spells.
Aiming: Searing Ray (safe; 3% risk of failure)
Press: ? - help, Shift-Dir - straight line, f/p - Ijyb
Aim: Ijyb, wielding a +0 club, wearing a +0 leather armour and carrying a wand of light (8) (72% to hit)
The searing ray hits Ijyb.
Ijyb is lightly wounded. (Press . to maintain the ray.) Ijyb zaps a wand.
The bolt of light hits you!
You are confused.
Ijyb zaps a wand.
The bolt of light hits you!
You nearly stumble into some deep water!
You feel less confused. The steam dragon breathes steam at you.
The ball of steam hits you!! The steam scalds you terribly!
Ouch! That really hurt!
You die...

########.........
#......#.......#######..
.......#.≈≈≈≈≈≈......#..
#......#.≈..[..≈≈≈≈≈.#..
#......#.≈.####....≈.#.#
#......#.≈.#...###.≈.#.#
#....D.#.≈.#.≈≈._#.≈.#.#
#...g.§#.≈.#.≈...#.≈.#.#
#..##@≈.#.≈...#.≈.#.≈#
#..##.≈.#.≈_.##.≈.#.≈.
#..##.≈.#.≈≈≈...≈.#.≈.
#######..##.≈.#....≈≈≈≈.#.≈#
#.......###.≈.#####.....#.≈#
#.#####.....≈......######.≈#
#.###.≈≈≈≈≈≈≈.......≈. #.#
#........≈≈≈≈≈≈≈≈#
...#####.# ####.####.....##.


You could see a steam dragon (catching breath) and Ijyb.

Vanquished Creatures
  A phantom (D:4)
  An orc priest (D:3)
  2 orc wizards
  3 adders
  An ufetubus (D:4)
  A worm (D:3)
  4 dart slugs
  9 orcs
  4 ball pythons
  3 bats
  8 endoplasms
  15 giant cockroaches
  9 goblins
  7 hobgoblins
  2 jackals (D:1)
  3 quokkas
  2 frilled lizards
  6 kobolds
  3 rats
84 creatures vanquished.

Notes
Turn   | Place    | Note
-------+----------+-------------------------------------------
     0 | D:1      | Lavandula the Mummy Conjurer began the quest for the Orb.
     0 | D:1      | Reached XP level 1. HP: 13/13 MP: 4/4
   235 | D:1      | Found a faded altar of an unknown god.
   246 | D:1      | Reached XP level 2. HP: 7/19 MP: 0/5
   719 | D:1      | Gained mutation: You are in touch with the powers of death.
                  | [Mummy growth]
   719 | D:1      | Reached XP level 3. HP: 20/24 MP: 2/7
   722 | D:1      | Learned a level 2 spell: Searing Ray
   726 | D:1      | Learned a level 3 spell: Dazzling Flash
  2248 | D:3      | Reached XP level 4. HP: 30/30 MP: 7/10
  2307 | D:3      | Learned a level 3 spell: Vampiric Draining
  2457 | D:3      | Reached skill level 1 in Necromancy
  2979 | D:3      | Found a shimmering blue altar of Sif Muna.
  3240 | D:3      | Reached XP level 5. HP: 26/35 MP: 1/11
  3615 | D:4      | Noticed a phantom
  3623 | D:4      | Killed a phantom
  3756 | D:4      | Found a radiant altar of Vehumet.
  3760 | D:4      | Found a basalt altar of Yredelemnul.
  3818 | D:4      | Reached XP level 6. HP: 41/41 MP: 3/12
  4235 | D:4      | Noticed Ijyb
  4235 | D:4      | Noticed a steam dragon
  4240 | D:4      | Killed from afar by a steam dragon

Illustrated notes

Levels and vault maps discovered:
D:1:      dpeg_arrival_orchard, layout_rooms, hellmonk_ecumenical_altar_run_dry
D:2:      layout_basic, lemuel_flame_loot_1
D:3:      minmay_roachtagon, layout_basic, lemuel_round_altar, nrook_campfire,
          minmay_goblin_kobold_house
D:4:      kennysheep_slugbush, layout_loops_ring,
          gammafunk_temple_overflow_elements, nicolae_overflow_squiral,
          chequers_serial_rivers_large_b, st_stairs_13, kennysheep_nondescript,
          serial_bayou_pond_d, uniq_ijyb

Skill      XL: |  1  2  3  4  5 |
---------------+----------------+-----
Spellcasting   | 3 4 |  4.6
Necromancy     | 2 4 |  4.2
Conjurations   | 4 |  4.1
Dodging        | |  1.5
Stealth        | |  1.5

Action                     |  1- 3 |  4- 6 || total
---------------------------+-------+-------++-------
  Melee: Dagger            |     5 |    31 ||    36
         Unarmed           |     1 |       ||     1
   Cast: Magic Dart        |    87 |    86 ||   173
         Searing Ray       |       |     9 ||     9
   Stab: Sleeping          |       |     1 ||     1
 Armour: Robe              |     3 |    11 ||    14
  Dodge: Dodged            |     7 |    32 ||    39

Table legend: (Time is in decaauts)
 A = Elapsed time spent in this place.
 B = Non-inter-level travel time spent in this place.
 C = Inter-level travel time spent in this place.
 D = Time resting spent in this place.
 E = Time spent auto-exploring this place.
 F = Levels seen in this place.
 G = Mean time per level.
                   A        B        C        D        E       F      G
               +--------+--------+--------+--------+--------+-----+--------+
         Total |   4264 |   4235 |     29 |    130 |   3653 |   4 | 1066.0 |
       Dungeon |   4264 |   4235 |     29 |    130 |   3653 |   4 | 1066.0 |
               +--------+--------+--------+--------+--------+-----+--------+

Top non-repeatable levels by time:
     D:3: 1401 daAuts
     D:2: 1245 daAuts
     D:1: 966 daAuts
     D:4: 651 daAuts
